 Dungeon Crawl Stone Soup version 0.31.0-11-ge490571c62 (webtiles) character file.

Game seed: 2443720306736676831

1008 Turgor the Changeling (level 8, -10/68 HPs)
             Began as a Troll Shapeshifter on Jan 30, 2024.
             Mangled by a hornet (14 damage)
             ... on level 5 of the Dungeon.
             The game lasted 00:16:26 (3157 turns).

Turgor the Changeling (Troll Shapeshifter)          Turns: 3157, Time: 00:16:29

Health: -10/68     AC:  6    Str: 23    XL:     8   Next: 1%
Magic:  7/7        EV: 13    Int:  6    God:
Gold:   223        SH:  0    Dex: 11    Spells: 7/7 levels left

rFire   . .          .
                       - Unarmed
rCold   . . .        (shield currently unavailable)
rNeg    . . .        a - melded +0 animal skin
rPois   +            (helmet restricted)
rElec   .            (no cloak)
rCorr   .            (gloves unavailable)
SInv    .            (boots unavailable)
Will    .....        (no amulet)
Stlth   +            e - +4 ring of protection
HPRegen 1.11/turn    p - ring of poison resistance
MPRegen 0.10/turn

%: no passive effects
@: flux-form, glowing
A: glow, contaminating, large, unfitting armour, claws 3, regeneration 1, shaggy
fur 1, tough skin 1
a: Begin Untransformation


You were on level 5 of the Dungeon.
You were something dangerously unstable.
You visited 1 branch of the dungeon, and saw 7 of its levels.

You collected 223 gold pieces.

Inventory:

Missiles
 l - 10 stones (quivered)
 t - 9 poisoned darts
 A - a throwing net
Armour
 a - a +0 animal skin (melded)
Jewellery
 e - a +4 ring of protection (left claw)
 n - a ring of protection from fire
 p - a ring of poison resistance (right claw)
 y - a ring of fire
 z - a +6 ring of intelligence
Talismans
 c - a beast talisman
 d - a flux talisman (active)
Wands
 o - a wand of charming (6)
 B - a wand of roots (2)
Scrolls
 k - 4 scrolls of teleportation
 m - a scroll of amnesia {unknown}
 q - a scroll of revelation {unknown}
 s - a scroll of immolation {unknown}
 u - a scroll of enchant armour {unknown}
 v - 4 scrolls of identify {unknown}
 D - a scroll of fear {unknown}
Potions
 b - 2 potions of lignification
 f - 2 potions of magic
 g - a potion of brilliance {unknown}
 h - a potion of mutation {unknown}
 i - 4 potions of curing {unknown}
 j - 2 potions of heal wounds {unknown}
 r - a potion of berserk rage {unknown}
 w - 2 potions of cancellation {unknown}
 x - 2 potions of degeneration {unknown}
 C - a potion of ambrosia {unknown}


   Skills:
 - Level 0.7 Fighting
 - Level 1.5 Dodging
 + Level 6.1 Unarmed Combat
 * Level 7.5 Shapeshifting


You had 7 spell levels left.
You didn't know any spells.
Your spell library contained the following spells:

 Spells                   Type           Power      Damage    Failure   Level
 Kiss of Death            Conj/Necr      0%         2d5       45%         1
 Slow                     Hex            0%         N/A       45%         1
 Lesser Beckoning         Tloc           0%         N/A       58%         2
 Confusing Touch          Hex            0%         N/A       83%         3
 Gell's Gravitas          Tloc           0%         N/A       83%         3
 Sigil of Binding         Hex            0%         N/A       83%         3
 Teleport Other           Tloc           0%         N/A       83%         3
 Vampiric Draining        Necr           0%         2d6       83%         3
 Dispel Undead            Necr           0%         3d6       99%         4
 Dispersal                Tloc           0%         N/A       100%        6


Dungeon Overview and Level Annotations

Branches:
Dungeon (7/15)
 Temple: D:4-7

Altars:
Elyvilon
Hepliaklqana
Kikubaaqudgha
Makhleb
Nemelex Xobeh
Sif Muna
Vehumet


Innate Abilities, Weirdness & Mutations

You are something dangerously unstable.
You glow with magical radiation, making you easy to see and hit.
Foes you strike become dangerously contaminated with magical radiation.
You are incapable of wielding weapons or throwing items.
You are too large for most types of armour.
You have claws for hands.
Your natural rate of healing is unusually fast.
You are covered in fur. (AC +1)
You have tough skin. (AC +1)


Message History

The roots erupt in riotous growth!
Roots grab the hornet.
Roots grab the gnoll.
The grasping roots constrict the gnoll.
The grasping roots constrict the hornet.
The hornet struggles to escape constriction.
Unknown command.
Unknown command.
Unknown command.
The grasping roots constrict the gnoll.
The grasping roots constrict the hornet.
The hornet stings you!
You feel yourself slow down. The hornet stings you!
You feel as though you will be slow longer.
You completely miss the hornet.
The hornet is moderately wounded.
The grasping roots constrict the gnoll!
You kill the gnoll!
The grasping roots constrict the hornet!
The roots release their grip on the hornet.
The hornet stings you! The hornet stings you.
You suddenly lose the ability to move!
You can move again.
You closely miss the hornet.
The hornet is heavily wounded.
The hornet stings you!
* * * LOW HITPOINT WARNING * * *
Unknown command.
You barely miss the hornet.
The hornet is heavily wounded.
The hornet stings you but does no damage.
The hornet stings you!
* * * LOW HITPOINT WARNING * * *
A gnoll bouda comes into view. It is wielding a +0 club.
Unknown command.
It was a potion of magic.
Magic courses through your body.
You feel yourself speed up.
The gnoll bouda shouts!
The hornet stings you!
* * * LOW HITPOINT WARNING * * *
The hornet stings you!
You die...

#....# #....# ##..##
# ##..# .. #..## ...
##...## ....
#.....## .....
##......######)g)...
#.........##pyg#
#............###
#..........###
#..........#
#..........#
#....#.....#
########..## ####


You could see a hornet, a gnoll bouda and a gnoll.

Vanquished Creatures
  Eustachio (D:6)
  2 water moccasins
  A black bear (D:6)
  An ogre (D:5)
  A scorpion (D:6)
  A bullfrog (D:6)
  2 howler monkeys (D:6)
  A hound (D:6)
  3 iguanas
  A sleepcap (D:6)
  4 gnolls
  2 adders (D:2)
  2 ufetubi (D:5)
  A dart slug (D:3)
  2 ribbon worms (D:2)
  8 orcs
  6 ball pythons
  7 endoplasms
  2 giant cockroaches
  6 goblins
  6 hobgoblins
  4 quokkas
  10 bats
  5 frilled lizards
  8 kobolds
  2 rats (D:1)
89 creatures vanquished.

Vanquished Creatures (collateral kills)
  A gnoll (D:5)
1 creature vanquished.

Vanquished Creatures (others)
  Grinder (D:5)
  A gnoll (D:5)
2 creatures vanquished.

Grand Total: 92 creatures vanquished

Notes
Turn   | Place    | Note
-------+----------+-------------------------------------------
     0 | D:1      | Turgor the Troll Shapeshifter began the quest for the Orb.
     0 | D:1      | Reached XP level 1. HP: 18/18 MP: 0/0
    85 | D:1      | Reached XP level 2. HP: 26/26 MP: 1/1
   618 | D:1      | Reached XP level 3. HP: 32/32 MP: 2/2
  1113 | D:2      | Reached skill level 4 in Shapeshifting
  1327 | D:2      | Reached XP level 4. HP: 40/40 MP: 3/3
  1398 | D:2      | Found an ancient bone altar of Kikubaaqudgha.
  1581 | D:3      | Found a hazy altar of Hepliaklqana.
  1589 | D:3      | Found a sparkling altar of Nemelex Xobeh.
  1590 | D:3      | Found a white marble altar of Elyvilon.
  1590 | D:3      | Found a burning altar of Makhleb.
  1599 | D:3      | Found a radiant altar of Vehumet.
  1668 | D:3      | Found a shimmering blue altar of Sif Muna.
  2261 | D:4      | You fall into a shaft and drop 3 floors!
  2263 | D:7      | Noticed a water moccasin
  2276 | D:7      | Killed a water moccasin
  2277 | D:7      | Reached skill level 5 in Shapeshifting
  2277 | D:7      | Reached XP level 5. HP: 35/46 MP: 4/4
  2514 | D:6      | Reached XP level 6. HP: 47/54 MP: 5/5
  2643 | D:6      | Reached skill level 5 in Unarmed Combat
  2643 | D:6      | Reached skill level 6 in Shapeshifting
  2730 | D:6      | Noticed Eustachio
  2741 | D:6      | Killed Eustachio
  2742 | D:6      | Reached XP level 7. HP: 46/61 MP: 6/6
  2931 | D:6      | Reached skill level 7 in Shapeshifting
  3017 | D:5      | Entered Level 5 of the Dungeon
  3140 | D:5      | Noticed Grinder
  3142 | D:5      | Noticed a hornet
  3145 | D:5      | Reached XP level 8. HP: 68/68 MP: 7/7
  3147 | D:5      | Your ally Grinder died
  3154 | D:5      | Paralysed by a hornet for 1 turns
  3157 | D:5      | Mangled by a hornet

Illustrated notes

Levels and vault maps discovered:
D:1:      minmay_arrival_three_doors, layout_basic
D:2:      layout_loops_cross, basic_altar
D:3:      layout_loops_ring, grunt_temple_overflow_open,
          kennysheep_generic_room_16
D:4:      layout_loops_ring
D:5:      layout_cave_pods, minmay_temple_entry_slanted, uniq_grinder
D:6:      layout_basic, uniq_eustachio
D:7:      layout_basic

Skill      XL: |  1  2  3  4  5  6  7 |
---------------+----------------------+-----
Shapeshifting  | 4 5 6 7 |  7.5
Unarmed Combat | 4 5 6 |  6.1
Fighting       | |  0.7
Dodging        | |  1.5

Action                     |  1- 3 |  4- 6 |  7- 9 || total
---------------------------+-------+-------+-------++-------
  Melee: Unarmed           |    97 |    93 |    36 ||   226
         Punch             |       |     2 |       ||     2
  Throw: Stone             |       |     1 |       ||     1
  Evoke: Wand              |       |     1 |     6 ||     7
    Use: Scroll            |       |     1 |       ||     1
         Potion            |       |       |     1 ||     1
   Stab: Sleeping          |       |     1 |       ||     1
 Armour: Animal skin       |    53 |    68 |     7 ||   128
         Skin              |       |       |    27 ||    27
  Dodge: Dodged            |    42 |    48 |    28 ||   118
   Form: Flux              |       |       |     1 ||     1
